 Dungeon Crawl Stone Soup version 0.18-a0-1589-g520a787 (webtiles) character file.

928 Kel the Skirmisher (level 8, -2/52 HPs)
             Began as a Gargoyle Fighter on Mar 19, 2016.
             Was an Initiate of Qazlal.
             Slain by an ogre
             ... wielding a +0 giant club
              (19 damage)
             ... on level 6 of the Dungeon.
             The game lasted 00:11:17 (5243 turns).

Kel the Skirmisher (Gargoyle Fighter)               Turns: 5243, Time: 00:11:18

Health: -2/52      AC: 21    Str: 21    XL:     8   Next: 11%
Magic:  8/8        EV:  6    Int:  9    God:    Qazlal [......]
Gold:   328        SH:  0    Dex: 10    Spells: 0 memorised, 7 levels left

rFire  . . .     SeeInvis .     a - +0 war axe
rCold  . . .     Gourm    .     h - +0 plate armour
rNeg   + . .     Faith    .     (no shield)
rPois  ∞         Spirit   .     i - +1 helmet
rElec  +         Dismiss  .     (no cloak)
rCorr  .         Reflect  .     k - +0 pair of gloves
SustAt .         Harm     .     (no boots)
MR     .....                    (no amulet)
Stlth  ..........               (no ring)
                                (no ring)

@: not resistant to hostile enchantments, extremely unstealthy
A: negative energy resistance 1, electricity resistance, unbreathing,
petrification resistance, rot immunity, AC +5
a: Renounce Religion


You were on level 6 of the Dungeon.
You worshipped Qazlal.
Qazlal was noncommittal.
You were not hungry.

You visited 1 branch of the dungeon, and saw 6 of its levels.

You collected 328 gold pieces.

Inventory:

Hand Weapons
 a - a +0 war axe (weapon)
Missiles
 c - 51 poisoned needles
 z - 8 needles of frenzy
Armour
 h - a +0 plate armour (worn)
 i - a +1 helmet (worn)
 k - a +0 pair of gloves (worn)
Wands
 p - a wand of teleportation (4/9)
Scrolls
 b - 4 scrolls of identify
 g - 4 scrolls of fear {unknown}
 j - 2 scrolls of recharging {unknown}
 l - 2 scrolls of random uselessness {unknown}
 m - 2 scrolls of enchant weapon {unknown}
 o - a scroll of enchant armour {unknown}
 s - 2 scrolls of teleportation {unknown}
 u - a scroll of noise {unknown}
 v - a scroll of amnesia {unknown}
 w - a scroll of remove curse
 y - a scroll of fog {unknown}
 B - a scroll of magic mapping {unknown}
Potions
 d - a potion of might
 e - 4 potions of agility {unknown}
 n - 2 potions of curing {unknown}
 r - a potion of beneficial mutation {unknown}
 t - a potion of magic {unknown}
 A - a potion of flight {unknown}
 C - a potion of invisibility {unknown}
Comestibles
 f - 6 bread rations
 q - 2 beef jerkies
 x - a slice of pizza


   Skills:
 + Level 6.7 Fighting
 + Level 5.3 Axes
 + Level 6.0 Armour
   Level 3.2 Shields


You had 7 spell levels left.
You didn't know any spells.

Dungeon Overview and Level Annotations

Branches:
Dungeon (6/15)
 Temple: D:4-7

Altars:
Fedhas
Gozag
Makhleb
Qazlal
Ru
Sif Muna
Xom


Innate Abilities, Weirdness & Mutations

You are resistant to torment.
Your stone body is resilient (AC +5).
You are immune to poison.
You resist negative energy.
You are resistant to electric shocks.
You can survive without breathing.
You are immune to petrification.
You are immune to rotting.


Message History

You hit the ogre.
The ogre is heavily wounded.
The ogre hits you with a giant club!
You hit the ogre but do no damage.
The ogre is heavily wounded.
The ogre hits you with a giant club!
You are too injured to fight recklessly!
You are too injured to fight recklessly!
You are too injured to fight recklessly!
You are too injured to fight recklessly!
You are too injured to fight recklessly!
You are too injured to fight recklessly!
You are too injured to fight recklessly!
You slash the ogre!
The ogre is almost dead.
The ogre hits you with a giant club!
Your plate armour prevents you from hitting the ogre.
The ogre is almost dead.
The ogre hits you with a giant club!!
You die...

####......# ##..#
..........# #..#..
..........# #..#.#
....####### #..#.#
(.........# ##<#.#.#
..........### #...#.# #
............ ....#.# ..
..........######O##.##...
................@........
####......#######.#.##..
# ##'##### #...# # #.#
##..# # #.# #..# # #.#
#..# #.# ###### ##.##
#####.####....## #..#
.........'.....# #..##


You could see an ogre.

Vanquished Creatures
  A phantom (D:4)
  An ogre (D:4)
  2 scorpions (D:5)
  A jelly (D:5)
  2 hounds
  An orc wizard (D:6)
  2 orc priests
  Jessica (D:4)
  A giant frog skeleton (D:4)
  An iguana (D:5)
  5 worker ants
  A hound zombie (D:5)
  A hound skeleton (D:4)
  A gnoll (D:1)
  11 adders
  A shadow imp (D:6)
  2 oozes
  2 worms
  2 dart slugs
  4 giant geckos
  7 orcs
  A ball python (D:1)
  6 giant cockroaches
  9 hobgoblins
  15 jackals
  3 quokkas
  9 bats
  6 giant newts
  10 goblins
  6 kobolds
  A quokka skeleton (D:4)
  9 rats
125 creatures vanquished.

Vanquished Creatures (others)
  An orc wizard (D:6)
1 creature vanquished.

Grand Total: 126 creatures vanquished

Notes
Turn   | Place    | Note
--------------------------------------------------------------
     0 | D:1      | Kel the Gargoyle Fighter began the quest for the Orb.
     0 | D:1      | Reached XP level 1. HP: 14/14 MP: 1/1
   178 | D:1      | Reached XP level 2. HP: 14/19 MP: 2/2
   496 | D:1      | Reached XP level 3. HP: 21/24 MP: 3/3
   832 | D:2      | Reached XP level 4. HP: 24/29 MP: 4/4
  1818 | D:3      | Reached XP level 5. HP: 31/33 MP: 5/5
  2522 | D:4      | Noticed a phantom
  2561 | D:4      | Killed a phantom
  2561 | D:4      | Reached skill level 5 in Armour
  2561 | D:4      | Reached XP level 6. HP: 23/40 MP: 6/6
  2760 | D:4      | Reached skill level 5 in Fighting
  3438 | D:4      | Reached XP level 7. HP: 39/44 MP: 7/7
  3762 | D:4      | Noticed Jessica
  3777 | D:4      | Killed Jessica
  3788 | D:4      | Found a deep blue altar of Sif Muna.
  3931 | D:5      | Entered Level 5 of the Dungeon
  4373 | D:5      | Found an opulent altar of Gozag.
  4376 | D:5      | Found a sacrificial altar of Ru.
  4382 | D:5      | Found a stormy altar of Qazlal.
  4382 | D:5      | Found a burning altar of Makhleb.
  4385 | D:5      | Found a shimmering altar of Xom.
  4387 | D:5      | Found a blossoming altar of Fedhas.
  4391 | D:5      | Became a worshipper of Qazlal Stormbringer
  4640 | D:5      | Reached skill level 5 in Axes
  5016 | D:6      | Reached XP level 8. HP: 48/52 MP: 8/8
  5243 | D:6      | Slain by an ogre

Vault maps used:
D:1:      dpeg_arrival_pond
D:4:      tgw_sif, first_bread
D:5:      minitemple
D:6:      uniq_eustachio

Skill      XL: |  1  2  3  4  5  6  7  8 |
---------------+-------------------------+-----
Axes           | 2 3 4 5 |  5.3
Armour         | 4 5 6 |  6.0
Fighting       | 4 5 6 |  6.7
Shields        | |  3.2

Action                   |  1- 3 |  4- 6 |  7- 9 || total
-------------------------+-------+-------+-------++-------
Melee: War axe           |   108 |   296 |   156 ||   560
  Use: Scroll            |     1 |     2 |       ||     3
       Potion            |     1 |       |       ||     1
  Eat: Chunk             |       |     9 |     5 ||    14
       Pizza             |       |       |     1 ||     1
